 Dungeon Crawl Stone Soup version 0.28-a0-987-g8383568036 (webtiles) character file.

Game seed: 2478441974887063037

77632 Lavandula the Sharpshooter (level 15, -21/147 HPs)
             Began as a Naga Arcane Marksman on Dec 4, 2021.
             Was a High Priest of Okawaru.
             Demolished by a bunyip (22 damage)
             ... called by a spriggan druid
             ... on level 1 of the Swamp.
             The game lasted 01:21:25 (27855 turns).

Lavandula the Sharpshooter (Naga Arcane Marksman)  Turns: 27855, Time: 01:21:25

Health: -21/147    AC: 32    Str: 22    XL:     15   Next: 57%
Magic:  17/19      EV:  8    Int: 18    God:    Okawaru [*****.]
Gold:   1321       SH:  0    Dex:  6    Spells: 6/18 levels left

rFire   + + +      SeeInvis +   r - +6 dagger (elec)
rCold   + + .      Faith    .   (no shield)
rNeg    . . .      Spirit   .   A - +2 robe {Will+}
rPois   +          Reflect  .   M - +2 hat "Poiqeif" {Fly rF+ rC+ Str-5}
rElec   +          Harm     .   K - +0 cloak of the Eternal Void {rF++ rCorr}
rCorr   +          Rampage  .   q - +2 pair of gloves
Will    ++...                   W - +3 barding {rC+}
Stlth   ++........              G - amulet of Bohuid {RegenMP rElec Str+4 SInv}
HPRegen 0.34/turn               H - ring of Mirth {rPois rCorr AC+4 Str+7 Dex-5}
MPRegen 0.56/turn               B - +4 ring of protection

@: mighty, flying, studying Fighting, very slow
A: AC +5, large, see invisible, deformed body, poison resistance, slowness 2,
spit poison 1, naga tail 2
a: Spit Poison, Renounce Religion, Heroism, Finesse, Duel


You were on level 1 of the Swamp.
You worshipped Okawaru.
Okawaru was extremely pleased with you.
You visited 5 branches of the dungeon, and saw 21 of its levels.
You also visited: Ossuary, Bailey and Gauntlet.

You collected 3143 gold pieces.
You spent 1822 gold pieces at shops.

Inventory:

Hand Weapons
 p - the +5 arbalest "Poarch" {elec, +Blink rPois rC- rN++}
   (You acquired it on level 10 of the Dungeon)

   Any ammunition fired from it occasionally discharges a powerful burst of
   electricity upon striking a foe.
   rC:        It makes you vulnerable to cold.
   rPois:     It protects you from poison.
   rN:        It greatly protects you from negative energy.
   +Blink:    It lets you blink.
 r - a +6 dagger of electrocution (weapon)
 y - the +6 executioner's axe "Kounoiss" {pain, Fragile rElec rPois Str+4}
   (You found it in a bailey)

   In the hands of one skilled in necromantic magic, it inflicts extra damage on
   living creatures.
   Str:       It affects your strength (+4).
   rElec:     It insulates you from electricity.
   rPois:     It protects you from poison.
   Fragile:   It will be destroyed if unequipped.
Missiles
 c - 306 bolts
 o - 2 throwing nets (quivered)
 O - 6 silver javelins
Armour
 e - a scarf of shadows
 q - a +2 pair of gloves (worn)
 A - a +2 robe of willpower (worn)
 K - the +0 cloak of the Eternal Void (worn) {rF++ rCorr}
   (You found it in a Gauntlet)

   rF:        It greatly protects you from fire.
   rCorr:     It protects you from acid and corrosion.
 M - the +2 hat "Poiqeif" (worn) {Fly rF+ rC+ Str-5}
   (You found it in a Gauntlet)

   Str:       It affects your strength (-5).
   rF:        It protects you from fire.
   rC:        It protects you from cold.
   Fly:       It grants you flight.
 W - a +3 barding of cold resistance (worn)
 X - a +0 troll leather armour
Jewellery
 k - a ring of protection from fire
 w - a ring of willpower
 B - a +4 ring of protection (right hand)
 G - the amulet of Bohuid (around neck) {RegenMP rElec Str+4 SInv}
   (You bought it in a shop on level 4 of the Dungeon)

   [amulet of magic regeneration]

   It increases your rate of magic regeneration.
   Str:       It affects your strength (+4).
   rElec:     It insulates you from electricity.
   SInv:      It lets you see invisible.
 H - the ring of Mirth (left hand) {rPois rCorr AC+4 Str+7 Dex-5}
   (You acquired it in a bailey)

   [ring of protection]

   AC:        It affects your AC (+4).
   Str:       It affects your strength (+7).
   Dex:       It affects your dexterity (-5).
   rPois:     It protects you from poison.
   rCorr:     It protects you from acid and corrosion.
 I - a ring of ice
 J - a ring of protection from cold
 T - a ring of resist corrosion
Wands
 L - a wand of iceblast (18)
 P - a wand of acid (6)
 Q - a wand of mindburst (11)
 R - a wand of flame (17)
 V - a wand of digging (8)
Scrolls
 b - a scroll of brand weapon
 f - a scroll of holy word
 l - 10 scrolls of teleportation
 m - a scroll of fog
 n - 4 scrolls of blinking
 u - 7 scrolls of amnesia
 z - a scroll of immolation
 F - 4 scrolls of fear
 U - a scroll of magic mapping
 Y - 2 scrolls of enchant weapon
 Z - 2 scrolls of torment
Potions
 a - 2 potions of heal wounds
 d - 5 potions of flight
 g - 4 potions of magic {unknown}
 h - 6 potions of attraction {unknown}
 i - a potion of berserk rage {unknown}
 j - 7 potions of lignification
 s - 4 potions of cancellation
 t - 9 potions of curing
 v - a potion of haste {unknown}
 x - 4 potions of resistance
 C - 3 potions of might
 D - 6 potions of mutation {unknown}
 E - a potion of brilliance {unknown}
 S - 3 potions of invisibility
Miscellaneous
 N - a condenser vane (inert)


   Skills:
 - Level 13.0 Fighting
 - Level 10.0 Short Blades
 - Level 15.5 Crossbows
 - Level 8.4 Armour
 + Level 6.5 Dodging
 - Level 4.2 Stealth
 - Level 2.0 Spellcasting
 - Level 7.2 Hexes
 - Level 4.0 Necromancy
 - Level 4.5 Earth Magic
 - Level 6.1 Invocations


You had 6 spell levels left.
You knew the following spells:

 Your Spells              Type           Power      Damage    Failure   Level
a - Cause Fear            Hex            13%        N/A       10%         4
b - Inner Flame           Hex/Fire       14%        N/A       12%         3
c - Borgnjor's Vile Clut  Necr/Erth      8%         N/A       65%         5

Your spell library contained the following spells:

 Spells                   Type           Power      Damage    Failure   Level
 Slow                     Hex            100%       N/A       1%          1
 Ensorcelled Hibernation  Hex/Ice        28%        N/A       6%          2
 Corpse Rot               Necr/Air       18%        N/A       12%         2
 Portal Projectile        Hex/Tloc       28%        N/A       12%         3
 Leda's Liquefaction      Hex/Erth       11%        N/A       16%         4
 Beastly Appendage        Tmut           2%         N/A       19%         1
 Magic Dart               Conj           4%         1d3       19%         1
 Poisonous Vapours        Pois/Air       2%         N/A       26%         2
 Wereblood                Tmut           1%         N/A       26%         2
 Fulminant Prism          Conj/Hex       7%         3d7       38%         4
 Mephitic Cloud           Conj/Pois/Air  1%         N/A       47%         3
 Spider Form              Tmut/Pois      1%         N/A       47%         3
 Lee's Rapid Deconstruct  Erth           9%         3d8*      61%         5
 Excruciating Wounds      Necr           8%         N/A       67%         5
 Airstrike                Air            0%         N/A       87%         4
 Iskenderun's Mystic Bla  Conj/Tloc      1%         2d3       87%         4
 Blade Hands              Tmut           0%         N/A       99%         5
 Freezing Cloud           Conj/Ice/Air   0%         6-21      99%         5
 Lightning Bolt           Conj/Air       0%         1d11      99%         5
 Statue Form              Tmut/Erth      6%         N/A       100%        6
 Polar Vortex             Ice            0%         N/A       100%        9
 Call Imp                 Summ           Unusable   N/A       N/A         2
 Animate Dead             Necr           Unusable   N/A       N/A         4
 Summon Lightning Spire   Summ/Air       Unusable   N/A       N/A         4
 Death Channel            Necr           Unusable   N/A       N/A         6
 Simulacrum               Ice/Necr       Unusable   N/A       N/A         6

Dungeon Overview and Level Annotations

Branches:
Dungeon (11/15)            Temple (1/1) D:7            Lair (6/6) D:9
  Swamp (1/4) Lair:2       Spider (0/4) Lair:4        Slime (0/5) Lair:5
    Orc (2/2) D:11            Elf (0/3) Orc:2       Ossuary (visited)
 Bailey (visited)         Gauntlet (visited)

Altars:
Ashenzari
Cheibriados
Dithmenos
Elyvilon
Fedhas
Gozag
Hepliaklqana
Kikubaaqudgha
Makhleb
Nemelex Xobeh
Okawaru
Qazlal
Ru
Sif Muna
Trog
Uskayaw
Vehumet
Wu Jian
Xom
Yredelemnul
Zin
The Shining One
Jiyva

Shops:
D:4 =   D:11 *   Orc:2 (!?:?

Portals:
Trove: D:10 (give 12 scrolls of teleportation)

Annotations:
D:5 2 runed translucent doors, Blork the orc; Crazy Yiuf; anet's ghost, weakling GnDe


Innate Abilities, Weirdness & Mutations

Your serpentine skin is tough. (AC +5)
You have supernaturally acute eyesight. (SInv)
Armour fits poorly on your strangely shaped body.
Your system is resistant to poisons. (rPois)
You cover ground very slowly.
You can spit poison.
You can use your snake-like lower body to constrict enemies.


Message History

The bunyip is lightly wounded.
You constrict the bunyip.
The bunyip claws you but does no damage.
The bunyip claws you!
* * * LOW HITPOINT WARNING * * *
The bunyip claws you but does no damage.
Unknown command.
Okay, then.
Okay, then.
Casting: Inner Flame (mildly dangerous; 12% risk of failure)
Confirm with . or Enter, or press ? or * to list all spells.
Casting: Cause Fear (dangerous; 10% risk of failure)
Press: ? - help, Dir - look around, f - activate The bog body is unaffected.
The bunyip resists with almost no effort.
The goliath frog looks frightened!
You constrict the bunyip.
Unknown command.
Unknown command.
You puncture the bunyip!
The bunyip is moderately wounded.
You constrict the bunyip, but do no damage.
Unknown command.
You puncture the bunyip!
The bunyip is heavily wounded.
You constrict the bunyip.
Unknown command.
You barely miss the bunyip.
The bunyip is heavily wounded.
You constrict the bunyip.
Unknown command.
You puncture the bunyip! Lightning courses through the bunyip!
The bunyip is severely wounded.
You constrict the bunyip.
The bog body touches you but does no damage.
The bunyip claws you!!
* * * LOW HITPOINT WARNING * * *
The bunyip claws you!!
* * * LOW HITPOINT WARNING * * *
The bunyip claws you!!
You die...

###PP≈.....≈≈...
.P.PPPP..[...≈≈≈..§
.≈.≈(P..)≈♣.≈≈≈x.≈. §.≈≈.
≈≈≈≈≈≈≈..(..≈≈≈... ≈≈≈≈..
.≈≈≈≈≈≈D(...≈≈... ≈≈≈≈....
♣.≈≈≈≈≈...≈≈.... ≈≈≈≈§..≈.♣
♣♣.≈≈≈≈≈..≈≈≈≈...
≈..≈≈....♣♣♣≈.n≈≈≈≈..≈.≈≈..≈
........≈≈♣♣..@.†≈....≈.....
≈.............x≈♣♣.♣..§≈≈...
....≈........≈♣♣♣≈≈.≈≈≈≈≈≈.
.≈≈≈≈..♣♣....♣♣♣♣♣♣≈.≈≈≈≈≈.
.♣♣(..♣......♣ ♣♣♣♣≈....
♣..≈≈......♣♣♣♣ ...♣♣
♣♣.≈.......♣♣.♣♣♣♣≈≈.≈
♣♣♣>≈≈.♣≈.....♣≈♣
♣.≈≈..≈≈.....≈♣♣


You could see a bunyip (catching breath), an eight-headed hydra and a bog body.

Vanquished Creatures
  Roxanne (Swamp:1)
  An orc warlord (D:11)
  A minotaur (Gauntlet)
  A green death (Gauntlet)
  An ettin (Orc:1)
  A boulder beetle (D:9)
  8 hydras
  2 ogre magi (Orc:2)
  A ghost crab (Arena)
  12 two-headed ogres
  2 alligators
  5 death yaks (Lair:3)
  2 deep trolls (Orc:2)
  An orange crystal statue (Gauntlet)
  A bog body (Swamp:1)
  A swamp dragon (Swamp:1)
  An orc knight (Bailey)
  A will-o-the-wisp (Swamp:1)
  Pikel (D:7)
  An orb spider (Lair:4)
  An oklob plant (Lair:4)
  2 wolf spiders (Lair:6)
  2 cyclopes (Orc:2)
  4 orc sorcerers
  4 elephants (Lair:6)
  9 black mambas
  A guardian serpent (Lair:6)
  2 orange demons (Gauntlet)
  18 cane toads
  A rime drake (Lair:2)
  10 komodo dragons
  11 trolls
  10 polar bears
  3 hornets
  3 raiju (Lair:6)
  A tyrant leech (Swamp:1)
  23 blink frogs
  3 spriggans (Swamp:1)
  A shadow (D:11)
  Sigmund (D:3)
  13 wyverns
  24 yaks
  A redback (Lair:6)
  A wraith (D:11)
  2 basilisks
  A steam dragon (D:9)
  4 vampire mosquitoes (D:10)
  8 wargs
  A two-headed ogre zombie (D:11)
  2 acid dragons
  12 hell hounds (Lair:6)
  Edmund (D:5)
  16 water moccasins
  12 black bears
  2 ice beasts
  29 orc warriors
  2 sky beasts
  A necrophage (D:4)
  21 ogres
  32 wolves
  4 centaurs
  2 phantoms
  A lemure (D:7)
  3 kobold brigands
  9 bullfrogs
  6 scorpions
  A wyvern skeleton (D:6)
  Dowan (D:5)
  2 troll zombies (D:11)
  10 killer bees
  8 wights
  2 electric eels (Lair:1)
  5 howler monkeys
  4 centaur zombies
  A hound (D:6)
  10 orc priests
  3 bullfrog skeletons
  A gnoll shaman (D:10)
  4 iguanas
  16 orc wizards
  Ijyb (D:3)
  2 killer bee zombies (D:8)
  5 ogre zombies (D:11)
  A hound skeleton (D:4)
  8 mummies (Ossuary)
  9 gnolls
  2 adders
  2 shadow imps
  3 ufetubi
  2 worms
  74 orcs
  2 ball pythons
  2 bats (D:1)
  6 endoplasms
  3 giant cockroaches (D:1)
  2 gnoll zombies (Ossuary)
  3 goblins
  3 hobgoblins
  10 jackals
  19 kobolds
  A quokka (D:4)
  3 frilled lizards
  5 goblin skeletons (D:11)
  5 goblin zombies
  6 hobgoblin zombies
  3 kobold zombies (Ossuary)
  4 orc skeletons (D:11)
  10 orc zombies
  2 rats
  A bush (Lair:4)
632 creatures vanquished.

Vanquished Creatures (others)
  A spriggan druid (Swamp:1)
  Duvessa (D:5)
  39 fungi
  83 plants
  6 withered plants (Swamp:1)
130 creatures vanquished.

Grand Total: 762 creatures vanquished

Notes
Turn   | Place    | Note
-------+----------+-------------------------------------------
     0 | D:1      | Lavandula the Naga Arcane Marksman began the quest for the
                  | Orb.
     0 | D:1      | Reached XP level 1. HP: 18/18 MP: 2/2
    25 | D:1      | Reached skill level 2 in Crossbows
    88 | D:1      | Reached XP level 2. HP: 25/25 MP: 3/3
   267 | D:1      | Found a faded altar of an unknown god.
  1295 | D:2      | Reached skill level 3 in Crossbows
  1378 | D:2      | Reached XP level 3. HP: 31/31 MP: 4/4
  1993 | D:3      | Reached XP level 4. HP: 38/38 MP: 5/5
  2005 | D:3      | Reached skill level 4 in Crossbows
  2167 | D:3      | Noticed Ijyb
  2178 | D:3      | Killed Ijyb
  2338 | D:3      | Found a sparkling altar of Nemelex Xobeh.
  2353 | D:3      | Noticed Sigmund
  2362 | D:3      | Killed Sigmund
  2363 | D:3      | Reached skill level 5 in Crossbows
  2363 | D:3      | Reached XP level 5. HP: 44/44 MP: 6/6
  2363 | D:3      | Reached XP level 6. HP: 51/51 MP: 7/7
  2408 | D:3      | Found a glowing golden altar of the Shining One.
  2814 | D:4      | Noticed a necrophage
  2818 | D:4      | Killed a necrophage
  2967 | D:4      | Found a snail-covered altar of Cheibriados.
  2973 | D:4      | Noticed a black bear
  3262 | D:4      | Found Xotutt's Jewellery Shoppe.
  3283 | D:4      | Killed a black bear
  3284 | D:4      | Reached XP level 7. HP: 57/57 MP: 8/8
  3684 | D:5      | Entered Level 5 of the Dungeon
  3684 | D:5      | Found a shimmering blue altar of Sif Muna.
  3729 | D:5      | Noticed Duvessa
  3731 | D:5      | Noticed Dowan
  3739 | D:5      | Killed Duvessa
  3746 | D:5      | Killed Dowan
  4116 | D:5      | Found a runed translucent door.
  4116 | D:5      | Noticed anet's ghost (weakling GnDe)
  4207 | D:5      | Noticed Edmund
  4226 | D:5      | Killed Edmund
  4227 | D:5      | Reached skill level 6 in Crossbows
  4227 | D:5      | Reached XP level 8. HP: 25/64 MP: 9/9
  4552 | D:5      | Found a runed translucent door.
  4552 | D:5      | Noticed Blork the orc
  4553 | D:5      | Noticed Crazy Yiuf
  4963 | D:6      | Reached skill level 5 in Short Blades
  5584 | D:6      | Reached skill level 5 in Fighting
  5723 | D:6      | Reached XP level 9. HP: 74/81 MP: 10/10
  5727 | D:6      | Learned a level 3 spell: Inner Flame
  6238 | D:7      | Reached skill level 7 in Crossbows
  6306 | D:7      | Found a staircase to the Ecumenical Temple.
  6315 | Temple   | Entered the Ecumenical Temple
  6506 | D:7      | Found a sand-covered staircase.
  6513 | Ossuary  | Entered an ossuary
  7169 | D:7      | Noticed Pikel
  7195 | D:7      | Killed Pikel
  7196 | D:7      | Reached skill level 8 in Crossbows
  8011 | D:7      | Reached skill level 9 in Crossbows
  8159 | D:8      | You fall into a shaft and drop 1 floor!
  8171 | D:9      | Reached XP level 10. HP: 64/88 MP: 11/11
  8304 | D:9      | Found a sacrificial altar of Ru.
  8794 | D:9      | Found an opulent altar of Gozag.
  8834 | D:9      | Found a staircase to the Lair.
  8843 | D:9      | Noticed a boulder beetle
  8852 | D:9      | Killed a boulder beetle
  9061 | D:9      | Found an iron altar of Okawaru.
  9074 | D:9      | Became a worshipper of Warmaster Okawaru
  9106 | D:9      | Found a stormy altar of Qazlal.
  9838 | D:9      | Found a hide-covered altar of Uskayaw.
  9859 | D:9      | Found an iron altar of Okawaru.
 10017 | D:9      | Learned a level 4 spell: Cause Fear
 11345 | D:10     | Entered Level 10 of the Dungeon
 11352 | D:10     | Identified a scroll of acquirement
 11353 | D:10     | Acquired the +5 arbalest "Poarch" {elec, +Blink rPois rC-
                  | rN++}
 11366 | D:10     | Found a flagged portal.
 11379 | Bailey   | Entered a bailey
 12010 | Bailey   | Reached skill level 5 in Hexes
 12177 | Bailey   | Identified the +6 executioner's axe "Kounoiss" {pain,
                  | Fragile rElec rPois Str+4}
 12179 | Bailey   | Noticed an orc knight
 12183 | Bailey   | Reached * piety under Okawaru
 12184 | Bailey   | Killed an orc knight
 12185 | Bailey   | Reached XP level 11. HP: 52/96 MP: 10/14
 12220 | Bailey   | Acquired the ring of Mirth {rPois rCorr AC+4 Str+7 Dex-5}
 12548 | D:10     | Reached skill level 10 in Crossbows
 12564 | D:10     | Reached ** piety under Okawaru
 12946 | D:10     | Noticed a two-headed ogre
 12952 | D:10     | Killed a two-headed ogre
 13372 | D:10     | Found a portal to a secret trove of treasure.
 13541 | D:11     | Noticed a two-headed ogre
 13557 | D:11     | Killed a two-headed ogre
 13596 | D:11     | Noticed a two-headed ogre
 13610 | D:11     | Killed a two-headed ogre
 13615 | D:11     | Reached *** piety under Okawaru
 13621 | D:11     | Reached skill level 10 in Short Blades
 13936 | D:11     | Found a staircase to the Orcish Mines.
 14189 | D:11     | Found Ecvysaku's Assorted Antiques.
 14204 | D:11     | Bought a glowing grey potion for 28 gold pieces
 14204 | D:11     | Bought 2 yellow potions for 57 gold pieces
 14204 | D:11     | Bought a scroll labelled GODISUTHR MAUSIOF for 32 gold
                  | pieces
 14647 | D:11     | Noticed a two-headed ogre
 14667 | D:11     | Killed a two-headed ogre
 14667 | D:11     | Reached **** piety under Okawaru
 14668 | D:11     | Reached skill level 10 in Fighting
 14970 | D:11     | Noticed an eight-headed hydra
 15006 | D:11     | Killed an eight-headed hydra
 15006 | D:11     | Received a gift from Okawaru
 15007 | D:11     | Reached XP level 12. HP: 95/116 MP: 15/15
 15240 | Lair:1   | Entered Level 1 of the Lair of Beasts
 15259 | Lair:1   | You fall into a shaft and drop 1 floor!
 15295 | Lair:1   | Noticed a death yak
 15296 | Lair:1   | Noticed a death yak
 15296 | Lair:1   | Noticed a death yak
 15297 | Lair:1   | You fall into a shaft and drop 1 floor!
 15339 | Lair:1   | Found a gate leading to a gauntlet.
 15340 | Lair:1   | Noticed a four-headed hydra
 15347 | Gauntlet | Entered a Gauntlet
 15347 | Gauntlet | Noticed a catoblepas
 15347 | Gauntlet | Found a transporter.
 15347 | Gauntlet | Found a transporter.
 15347 | Gauntlet | Found a transporter.
 15348 | Gauntlet | Noticed a green death
 15360 | Gauntlet | Found a transporter.
 15368 | Gauntlet | Found a transporter.
 15372 | Gauntlet | Found a transporter.
 15373 | Gauntlet | Found a transporter.
 15391 | Gauntlet | Found a transporter.
 15391 | Gauntlet | Found a transporter.
 15397 | Gauntlet | Found a transporter.
 15497 | Gauntlet | Found a transporter.
 15516 | Gauntlet | Found a transporter.
 15620 | Gauntlet | Reached skill level 1 in Invocations
 15624 | Gauntlet | Killed a green death
 15898 | Gauntlet | Identified the +0 cloak of the Eternal Void {rF++ rCorr}
 15963 | Gauntlet | Identified the +2 hat "Poiqeif" {Fly rF+ rC+ Str-5}
 16167 | Gauntlet | Noticed a minotaur
 16184 | Gauntlet | Killed a minotaur
 16185 | Gauntlet | Reached skill level 5 in Invocations
 16460 | Gauntlet | Identified the +8 shortbow of the Ancients {vorpal, +Blink
                  | Str+3 Dex-5}
 16634 | Lair:1   | Reached skill level 11 in Crossbows
 16932 | Lair:1   | Found a sparkling altar of Nemelex Xobeh.
 17698 | Lair:2   | Reached ***** piety under Okawaru
 17699 | Lair:2   | Reached skill level 12 in Crossbows
 17977 | Lair:2   | Found a staircase to the Swamp.
 17979 | Lair:2   | Noticed a seven-headed hydra
 17984 | Lair:2   | Killed a seven-headed hydra
 17984 | Lair:2   | Received a gift from Okawaru
 18784 | Lair:3   | Gained mutation: You can use your snake-like lower body to
                  | constrict enemies. [Naga growth]
 18784 | Lair:3   | Reached XP level 13. HP: 123/123 MP: 17/17
 18786 | Lair:3   | Reached skill level 13 in Crossbows
 19683 | Lair:4   | Reached skill level 1 in Necromancy
 19700 | Lair:4   | Received a gift from Okawaru
 19736 | Lair:4   | Received a gift from Okawaru
 19748 | Lair:4   | Learned a level 5 spell: Borgnjor's Vile Clutch
 19928 | Lair:4   | Reached skill level 1 in Earth Magic
 20076 | Lair:4   | Identified the +0 leather armour of Dull Birdsong {Dex+3}
 20270 | Lair:4   | Found a hole to the Spider Nest.
 21475 | Lair:5   | Found a viscous altar of Jiyva.
 21476 | Lair:5   | Found a staircase to the Slime Pits.
 21518 | Lair:5   | Reached skill level 14 in Crossbows
 21738 | Lair:6   | Entered Level 6 of the Lair of Beasts
 21791 | Lair:6   | Reached XP level 14. HP: 141/141 MP: 18/18
 22232 | Lair:6   | Received a gift from Okawaru
 22519 | Lair:6   | Reached skill level 15 in Crossbows
 22535 | Lair:6   | Received a gift from Okawaru
 22830 | Lair:6   | Received a gift from Okawaru
 22859 | Lair:6   | Received a gift from Okawaru
 22901 | Lair:6   | Reached skill level 1 in Stealth
 23268 | Lair:6   | Reached skill level 1 in Armour
 24168 | Lair:6   | Identified the +2 ring mail of Xoediyf {rF+++ Int+3 Dex-2}
                  | (Okawaru gifted it to you on level 6 of the Lair of Beasts)
 24168 | Lair:6   | Received a gift from Okawaru
 24481 | Lair:6   | Reached ****** piety under Okawaru
 24712 | Lair:6   | Reached skill level 5 in Armour
 24973 | Orc:1    | Entered Level 1 of the Orcish Mines
 24973 | Orc:1    | Noticed an orc warlord
 24995 | D:11     | Killed an orc warlord
 25422 | D:4      | Bought the amulet of Bohuid {RegenMP rElec Str+4 SInv} for
                  | 792 gold pieces
 25570 | D:11     | Bought a scroll of immolation for 112 gold pieces
 25865 | Orc:1    | Reached XP level 15. HP: 147/147 MP: 19/19
 25932 | Orc:2    | Entered Level 2 of the Orcish Mines
 25936 | Orc:2    | Found Ruicaunk's Magic Scroll Shoppe.
 26689 | Orc:2    | Found Ypreh's Distillery.
 26767 | Orc:2    | Found Leuvvargh's Antique Weapon Emporium.
 26769 | Orc:2    | Found Vatua's Magic Scroll Shop.
 26771 | Orc:2    | Bought a potion of cancellation for 128 gold pieces
 26771 | Orc:2    | Bought a potion of resistance for 160 gold pieces
 26771 | Orc:2    | Bought a potion of lignification for 48 gold pieces
 26771 | Orc:2    | Bought a potion of might for 64 gold pieces
 26771 | Orc:2    | Bought a potion of heal wounds for 80 gold pieces
 26771 | Orc:2    | Bought a potion of flight for 48 gold pieces
 26771 | Orc:2    | Bought a potion of invisibility for 128 gold pieces
 26771 | Orc:2    | Bought a potion of curing for 48 gold pieces
 26773 | Orc:2    | Found Evaha's Book Emporium.
 26779 | Orc:2    | Found a staircase to the Elven Halls.
 26872 | Orc:2    | Reached skill level 5 in Dodging
 26971 | Orc:2    | Bought a scroll of blinking for 97 gold pieces
 27306 | Orc:1    | Received a gift from Okawaru
 27422 | Swamp:1  | Entered Level 1 of the Swamp
 27519 | Swamp:1  | Noticed Roxanne
 27541 | Swamp:1  | Killed Roxanne
 27803 | Arena    | Entered the Arena
 27855 | Swamp:1  | HP: 1/147 [bunyip[a spriggan druid] (24)]
 27855 | Swamp:1  | Demolished by a bunyip

Illustrated notes

Levels and vault maps discovered:
D:1:      psy_arrival_terrarium, layout_basic, chequers_ecumenical_altar_grove
D:2:      layout_basic
D:3:      layout_rooms, mainiacjoe_overflow_chevrons, tso_metal_star,
          minmay_door_square, uniq_ijyb, uniq_sigmund
D:4:      layout_basic, lemuel_tele_altar, serial_shops,
          nicolae_shop_behind_doors
D:5:      layout_basic, lemuel_crystal_altar, gammafunk_ghost_grave,
          uniq_crazy_yiuf_cottage, uniq_duvessa, uniq_blork_the_orc, uniq_edmund
D:6:      nicolae_cairo_tiling_large, layout_loops_cross
D:7:      layout_rooms, minmay_temple_entry_mist, enter_ossuary_4, uniq_pikel
D:8:      layout_cave_pools, serial_park, serial_park_tiny_2,
          serial_park_avenue1, serial_park_square3 [serial_park_minivault_5x5_5]
D:9:      minmay_razor_zed, layout_basic, nicolae_ru_path_of_blood,
          general_overflow_altar, nicolae_gozag_cash_rules_everything_around_me,
          kennysheep_mini_moat, nicolae_overflow_crystal_walls, minivault_25,
          david_defended_altar_orc
D:10:     layout_rooms, serial_glass, glass_columns_b, glass_columns_a,
          nicolae_trove_entry_free_sample, enter_bailey_2, nicolae_benzene_ring,
          serial_bayou_pond_a, hangedman_abyss_or_decor_stabs, hex_medium
D:11:     layout_loops_corners, zombieorc2_lemuel, serial_shops, shop_coins
Temple:   cyrus_circular_temple
Lair:1:   layout_gridlike, gauntlet_entry_generic, basic_altar,
          serial_bayou_pond_b, grunt_megastairs_5, infiniplex_staircase_pool
Lair:2:   layout_gridlike, minmay_swamp_entry_worms, lemuel_fruit_tree
Lair:3:   layout_regular_city
Lair:4:   layout_regular_city, nicolae_spider_entry_orb_guardian,
          minmay_lair_oklob_bushes, hibernation_bobbens
Lair:5:   layout_roguey, dpeg_slime_entry_enclosed_altar
Lair:6:   hangedman_lair_caniforms_friends, layout_gridlike,
          hangedman_lair_tendril_chambers
Swamp:1:  layout_basic_swamp, hangedman_swamp_cone, swamp_pool1,
          st_shrine_of_shade, uniq_roxanne
Orc:1:    layout_caves
Orc:2:    st_orc_open, layout_caves, serial_shops, shop

Skill      XL: |  1  2  3  4  5  6  7  8  9 10 11 12 13 14 15 |
---------------+----------------------------------------------+-----
Crossbows      | 2 3 5 6 9 10 12 14 15 | 15.5
Short Blades   | 3 4 6 7 9 10 | 10.0
Dodging        | 2 3 4 6 |  6.5
Fighting       | 5 10 13 | 13.0
Spellcasting   | 2 |  2.0
Hexes          | 6 7 |  7.2
Invocations    | 6 |  6.1
Necromancy     | 4 |  4.0
Earth Magic    | 4 |  4.5
Stealth        | 4 |  4.2
Armour         | 6 8 |  8.4

Action                   |  1- 3 |  4- 6 |  7- 9 | 10-12 | 13-15 || total
-------------------------+-------+-------+-------+-------+-------++-------
Melee: Dagger            |       |     7 |   346 |   181 |    54 ||   588
       Constrict         |       |       |       |       |     4 ||     4
 Fire: Hand crossbow     |    49 |    43 |    84 |     1 |       ||   177
       Arbalest          |       |       |       |   371 |   832 ||  1203
Throw: Throwing net      |       |       |     1 |     1 |       ||     2
       Javelin           |       |       |       |       |     1 ||     1
 Cast: Inner Flame       |       |       |       |    11 |    13 ||    24
       Cause Fear        |       |       |       |    10 |     2 ||    12
Invok: Heroism           |       |       |       |     3 |     4 ||     7
       Finesse           |       |       |       |     2 |     1 ||     3
       Duel              |       |       |       |       |     1 ||     1
 Abil: Spit Poison       |    21 |    12 |    26 |    45 |     7 ||   111
       Evoke Blink       |       |       |       |     4 |     7 ||    11
Evoke: Wand              |       |     2 |     2 |    11 |     3 ||    18
       Condenser vane    |       |       |       |     1 |     3 ||     4
  Use: Scroll            |       |       |    13 |    15 |     5 ||    33
       Potion            |       |       |     1 |    11 |     2 ||    14
 Stab: Paralysed         |       |       |     4 |     4 |       ||     8
       Sleeping          |       |       |       |     1 |       ||     1
Armor: Robe              |     2 |     8 |   104 |   208 |   471 ||   793
Dodge: Dodged            |    11 |    13 |   137 |   298 |   263 ||   722

Table legend: (Time is in decaauts)
 A = Elapsed time spent in this place.
 B = Non-inter-level travel time spent in this place.
 C = Inter-level travel time spent in this place.
 D = Time resting spent in this place.
 E = Time spent auto-exploring this place.
 F = Levels seen in this place.
 G = Mean time per level.
                   A        B        C        D        E       F      G
               +--------+--------+--------+--------+--------+-----+--------+
         Total |  33615 |  31920 |   1695 |   5980 |  20261 |  25 | 1344.6 |
       Dungeon |  17251 |  15955 |   1296 |   2896 |  10920 |  11 | 1568.3 |
        Temple |     50 |     50 |      0 |      0 |      0 |   1 |   50.0 |
          Lair |  10369 |  10066 |    303 |    889 |   7516 |   6 | 1728.2 |
         Swamp |    421 |    421 |      0 |    174 |    151 |   1 |  421.0 |
  Orcish Mines |   2106 |   2012 |     94 |    406 |    997 |   2 | 1053.0 |
       Ossuary |    676 |    676 |      0 |    325 |    216 |   1 |  676.0 |
        Bailey |   1398 |   1398 |      0 |    589 |    459 |   1 | 1398.0 |
      Gauntlet |   1298 |   1298 |      0 |    672 |      0 |   1 | 1298.0 |
         Arena |     41 |     41 |      0 |     27 |      0 |   1 |   41.0 |
               +--------+--------+--------+--------+--------+-----+--------+

Top non-repeatable levels by time:
  Lair:6: 3551 daAuts
     D:9: 2929 daAuts
    D:11: 2625 daAuts
     D:1: 1698 daAuts
     D:5: 1609 daAuts
  Lair:4: 1586 daAuts
  Lair:2: 1576 daAuts
     D:6: 1498 daAuts
   Orc:2: 1414 daAuts
  Bailey: 1398 daAuts
     D:4: 1377 daAuts
    D:10: 1372 daAuts
  Lair:3: 1368 daAuts
     D:7: 1360 daAuts
Gauntlet: 1298 daAuts
